 Dungeon Crawl Stone Soup version 0.28.0-45-g0d030f2227 (webtiles) character file.

Game seed: 10419933845876130387

33 101zpm the Skirmisher (level 3, -8/24 HPs)
             Began as a Gargoyle Fighter on Apr 10, 2022.
             Killed from afar by an orc wizard (10 damage)
             ... with a puff of flame
             ... on level 3 of the Dungeon.
             The game lasted 00:00:28 (73 turns).

101zpm the Skirmisher (Gargoyle Fighter)              Turns: 73, Time: 00:00:29

Health: -8/24      AC: 10    Str: 21    XL:     3   Next: 29%
Magic:  3/3        EV:  9    Int:  8    God:
Gold:   0          SH:  4    Dex:  9    Spells: 2/2 levels left

rFire   . . .      SeeInvis .   a - +0 flail
rCold   . . .      Faith    .   c - +0 buckler
rNeg    + . .      Spirit   .   b - +0 scale mail
rPois   ∞          Reflect  .   (no helmet)
rElec   +          Harm     .   (no cloak)
rCorr   .          Rampage  .   (no gloves)
Will    .....                   (no boots)
Stlth   ..........              (no amulet)
HPRegen 0.08/turn               (no ring)
MPRegen 0.08/turn               (no ring)

@: no status effects
A: sickness immunity, AC +3, negative energy resistance 1, electricity
resistance, torment resistance 1, petrification resistance
a: no special abilities


You were on level 3 of the Dungeon.
You visited 1 branch of the dungeon, and saw 3 of its levels.

Inventory:

Hand Weapons
 a - a +0 flail (weapon)
Missiles
 e - 20 stones (quivered)
Armour
 b - a +0 scale mail (worn)
 c - a +0 buckler (worn)
Potions
 d - a potion of might


   Skills:
 + Level 3.8 Fighting
 + Level 2.3 Maces & Flails
 + Level 3.7 Armour
 + Level 0.2 Dodging
 + Level 3.6 Shields


You had 2 spell levels left.
You didn't know any spells.
Your spell library was empty.

Dungeon Overview and Level Annotations

Branches:
Dungeon (3/15)

Altars:


Innate Abilities, Weirdness & Mutations

You are immune to sickness and miasma.
Your stone body is resilient. (AC +3)
You are immune to poison.
You resist negative energy. (rN+)
You are resistant to electric shocks. (rElec)
You are resistant to unholy torment.
You are immune to petrification.


Message History

You sock the orc!
You kill the orc!
The dart slug bites you but does no damage.
Items here: ) [ ††.
You sock the dart slug!
The dart slug is almost dead.
The dart slug launches a dart at you.
The slug dart hits you but does no damage.
You hit the dart slug.
You kill the dart slug!
The kobold hits you with a +0 dagger.
You closely miss the kobold. You block the kobold's attack.
You sock the kobold!
You kill the kobold!
You barely miss the orc. You miss something.
You hear some strange, mumbled words.
A puff of flame appears from out of thin air!
The puff of flame hits you!
* * * LOW HITPOINT WARNING * * *
You miss something. Something hits you.
* * * LOW HITPOINT WARNING * * *
You miss something. Something hits you but does no damage.
You hear some strange, mumbled words.
Something tries to affect you, but you resist.
You hit something but do no damage.
You hear some strange, mumbled words.
A puff of flame appears from out of thin air!
The puff of flame hits you but does no damage.
You barely miss something. Something hits you.
* * * LOW HITPOINT WARNING * * *
You miss something.
An orc wizard appears from thin air!
Reactivating autopickup.
The orc wizard hits you but does no damage.
You block the orc wizard's attack.
You sock the orc wizard!
The orc wizard is severely wounded.
The orc wizard casts a spell at you. The puff of flame hits you!
You die...

#.#.#.#.#.#.#.#
#.#.#?#w#.#.#..#
.#.#.#.#.#.#.#.#
#.#.#.#.#K#.#..#
.#.#.#.#.#.#S#.#
#.#.#S#.#.#.#..#
.#.#.#.#.#.#.#.#
#.#.#.#.#.#.#..####
.#.#.#.#.#.#.#oo@.+
.#.#.#.#.#.#.#####
.#.#.#.#.#.#
.#.#.#.#.# .#.#.#.#
.#.#.# .#.# .#


You could see an orc wizard and an orc.

Vanquished Creatures
  2 adders (D:3)
  A dart slug (D:3)
  3 orcs (D:3)
  An endoplasm (D:3)
  4 kobolds
  A rat (D:2)
12 creatures vanquished.

Notes
Turn   | Place    | Note
-------+----------+-------------------------------------------
     0 | D:1      | 101zpm the Gargoyle Fighter began the quest for the Orb.
     0 | D:1      | Reached XP level 1. HP: 14/14 MP: 1/1
    27 | D:3      | Reached XP level 2. HP: 19/19 MP: 2/2
    58 | D:3      | Reached XP level 3. HP: 12/24 MP: 3/3
    73 | D:3      | Killed from afar by an orc wizard

Illustrated notes

Levels and vault maps discovered:
D:1:      dpeg_arrival_fog, layout_basic, serial_shops, shop, shop_fountains,
          shop, shop, shop
D:2:      layout_basic
D:3:      layout_basic, yredelemnul_altar_generic,
          ebering_ecumenical_altar_sacrificial

Action                   || total
-------------------------++-------
Melee: Flail             ||    42
Armor: Scale mail        ||    26
Dodge: Dodged            ||    13
Block: Buckler           ||     8
